 Dungeon Crawl Stone Soup version 0.31-a0-187-gba352fbbf7 (webtiles) character file.

Game seed: 14831828246962413138

70 qw the Shooter (level 4, -2/25 HPs)
             Began as a Deep Elf Hunter on June 22, 2023.
             Slain by Grinder (4 damage)
             ... on level 3 of the Dungeon.
             The game lasted 00:00:34 (1849 turns).

qw the Shooter (Deep Elf Hunter)                    Turns: 1849, Time: 00:00:34

Health: -2/25      AC:  6    Str: 10    XL:     4   Next: 3%
Magic:  6/6        EV: 11    Int: 14    God:
Gold:   123        SH:  0    Dex: 18    Spells: 3/3 levels left

rFire   . . .        a - +0 shortbow (heavy)
rCold   . . .        (shield currently unavailable)
rNeg    . . .        d - +0 ring mail
rPois   .            (no helmet)
rElec   .            (no cloak)
rCorr   .            i - +0 pair of gloves
SInv    .            (no boots)
Will    .....        (no amulet)
Stlth   +            (no ring)
HPRegen 0.24/turn    (no ring)
MPRegen 0.10/turn

%: no passive effects
@: no status effects
A: no striking features
a: no special abilities


You were on level 3 of the Dungeon.
You visited 1 branch of the dungeon, and saw 3 of its levels.

You collected 179 gold pieces.
You spent 56 gold pieces at shops.


   Skills:
 - Level 1.5 Fighting
 + Level 7.4 Ranged Weapons
 - Level 2.4 Dodging
 - Level 1.2 Stealth


You had 3 spell levels left.
You didn't know any spells.
Your spell library was empty.

Inventory:

Hand Weapons
 a - a +0 heavy shortbow (weapon)
Armour
 d - a +0 ring mail (worn)
 i - a +0 pair of gloves (worn)
Jewellery
 c - the ring "Nupiuqos" {rF+ Dex+6}
   (You found it on level 3 of the Dungeon)

   [ring of protection from fire]

   Dex:       It affects your dexterity (+6).
   rF:        It protects you from fire.
Scrolls
 b - a scroll of fear {unknown}
 m - 2 scrolls of identify
Potions
 e - a potion of invisibility {unknown}
 f - a potion of curing {unknown}
 g - a potion of haste {unknown}
 h - a potion of brilliance {unknown}
 j - a potion of enlightenment {unknown}
 k - a potion of degeneration {unknown}
 l - 3 potions of lignification {unknown}
 n - a potion of attraction {unknown}

Dungeon Overview and Level Annotations

Branches:
Dungeon (3/15)

Altars:

Shops:
D:2 *

Annotations:
D:3 Grinder


Message History

Grinder comes into view.
Found 11 gold pieces.
Enter note:
Enter note:
Enter note:
Enter note:
Enter note:
Enter note:
Enter note:
Enter note:
Enter note: You shoot an arrow.
The arrow hits Grinder.
Grinder is lightly wounded.
Grinder blinks! x2
You shoot an arrow. The arrow closely misses Grinder.
You shoot an arrow. The arrow hits Grinder.
Grinder is lightly wounded.
You shoot an arrow. The arrow barely misses Grinder.
Grinder gestures at you. Pain shoots through your body!
Grinder gestures at you.
You suddenly lose the ability to move!
You can move again.
You shoot an arrow. The arrow hits Grinder.
Grinder is moderately wounded.
You shoot an arrow. The arrow closely misses Grinder.
Grinder hits you but does no damage. Grinder gestures at you.
Pain shoots through your body!
You shoot an arrow. The arrow closely misses Grinder.
Grinder blinks!
Grinder gestures at you.
You suddenly lose the ability to move!
You can move again.
You shoot an arrow. The arrow closely misses Grinder.
Grinder hits you.
You writhe in agony.
You shoot an arrow. The arrow hits Grinder!
Grinder is severely wounded.
Grinder hits you.
You writhe in agony.
You die...

#...#.# ##......###...###.#
#.###.####...#####..#####..
#.# #...#....### #.........
#.# #.....#.... .....(.####
#.###....##.....#..###. #
##.#................ ...##
####....#...###.# #..#
#....
#...........###.#.....
##..#
#.............@5...... #
#...........###.......
#.........### .......
#........## .......
#........# #......
#........# #...#$
#.......|# #### #........#
#........#


You could see Grinder.

Vanquished Creatures
  3 adders
  A dart slug (D:1)
  3 bats
  4 endoplasms
  A giant cockroach (D:2)
  4 goblins
  A hobgoblin (D:2)
  3 jackals (D:2)
  5 kobolds
  A quokka (D:2)
  4 ball pythons
  3 frilled lizards
  7 rats
40 creatures vanquished.

Notes
Turn   | Place    | Note
-------+----------+-------------------------------------------
     0 | D:1      | qw the Deep Elf Hunter began the quest for the Orb.
     0 | D:1      | Reached XP level 1. HP: 12/12 MP: 3/3
     0 | D:1      | 0 ||| qw: Version: 0.3-a-9-g12657ce
     0 | D:1      | 0 ||| qw: Game counter: 1936
     0 | D:1      | 0 ||| qw: Always use a shield: true
     0 | D:1      | 0 ||| qw: God list: Okawaru
     0 | D:1      | 0 ||| qw: Allow faded altars: false
     0 | D:1      | 0 ||| qw: Do Orc after D:15 true
     0 | D:1      | 0 ||| qw: Do second Lair branch before Depths: true
     0 | D:1      | 0 ||| qw: Lair rune preference: random
     0 | D:1      | 0 ||| qw: Plans: Normal
     0 | D:1      | 0 ||| PLANNING D:1-11
   343 | D:1      | Reached XP level 2. HP: 16/16 MP: 4/4
   358 | D:1      | Noticed a golden eye
   360 | D:1      | Found a faded altar of an unknown god.
   362 | D:1      | Noticed a shining eye
   362 | D:1      | Noticed a golden eye
   362 | D:1      | Noticed a shining eye
   365 | D:1      | Reached skill level 6 in Ranged Weapons
   503 | D:1      | 503 ||| UPGRADING to +0 pair of gloves.
   508 | D:1      | 508 ||| READING scroll labelled QOWKUX ZAYCW.
   540 | D:1      | 540 ||| READING scroll labelled LUN SAYRAANLE.
   641 | D:1      | 641 ||| READING scroll labelled SAROBA OFORO.
   642 | D:1      | 642 ||| READING scroll labelled LUEGAUT RAAPSUN.
   643 | D:1      | 643 ||| DROPPING scroll of butterflies.
   907 | D:2      | Reached XP level 3. HP: 20/20 MP: 5/5
   989 | D:2      | Found Ozecats's General Store.
  1026 | D:2      | 1026 ||| BUYING +0 ring mail (56 gold).
  1026 | D:2      | Bought a +0 ring mail for 56 gold pieces
  1026 | D:2      | 1026 ||| SHOPLISTING +6 sling "Gurucew" {freeze, rPois rF-
                  | Str+4 Stlth+} (673 gold, have 26).
  1026 | D:2      | 1026 ||| SHOPLISTING scroll of enchant armour (105 gold,
                  | have 26).
  1026 | D:2      | 1026 ||| SHOPLISTING scroll of teleportation (42 gold, have
                  | 26).
  1026 | D:2      | 1026 ||| SHOPLISTING wand of digging (4) (235 gold, have
                  | 26).
  1365 | D:2      | Reached skill level 7 in Ranged Weapons
  1566 | D:2      | 1566 ||| UPGRADING to +0 ring mail.
  1576 | D:2      | 1576 ||| DROPPING +0 leather armour.
  1577 | D:2      | 1577 ||| READING scroll labelled SIMOVV BEHAOFF.
  1580 | D:2      | 1580 ||| READING 2 scrolls labelled IMYNUTZ POWKAT.
  1581 | D:2      | 1581 ||| READING scroll labelled VAH GIFRADUSCH.
  1641 | D:3      | Reached XP level 4. HP: 25/25 MP: 6/6
  1672 | D:3      | Identified the ring "Nupiuqos" {rF+ Dex+6}
  1836 | D:3      | Noticed Grinder
  1840 | D:3      | Paralysed by Grinder for 3 turns
  1845 | D:3      | Paralysed by Grinder for 3 turns
  1848 | D:3      | HP: 6/25 [Grinder (5)]
  1849 | D:3      | HP: 2/25 [Grinder (5)]
  1849 | D:3      | Slain by Grinder

Levels and vault maps discovered:
D:1:      lightli_arrival_boilingwater, layout_basic,
          hellmonk_ecumenical_altar_watching_god
D:2:      layout_loops_corners, serial_shops, shop, roderic_cross_of_infinity
D:3:      layout_rooms, uniq_grinder

Skill      XL: |  1  2  3 |
---------------+----------+-----
Ranged Weapons | 6 7 |  7.4
Fighting       | |  1.5
Dodging        | |  2.4
Stealth        | |  1.2

Action                     |  1- 3 |  4- 6 || total
---------------------------+-------+-------++-------
   Fire: Shortbow          |    81 |    13 ||    94
    Use: Scroll            |     7 |       ||     7
 Armour: Leather armour    |    10 |       ||    10
         Ring mail         |     1 |     1 ||     2
  Dodge: Dodged            |    17 |       ||    17

Table legend:
 A = Non-vault XP
 B = Vault XP
 C = Vault XP percentage of total XP
 D = Non-vault monster count
 E = Vault monster count
 F = Vault count percentage of total count
                 A         B        C        D         E       F
            +---------+---------+-------+---------+---------+-------
      Total |     100 |       0 |   0.0 |      40 |       0 |   0.0
            +---------+---------+-------+---------+---------+-------
        D:1 |      14 |       0 |   0.0 |       9 |       0 |   0.0
        D:2 |      66 |       0 |   0.0 |      25 |       0 |   0.0
        D:3 |      20 |       0 |   0.0 |       6 |       0 |   0.0
            +---------+---------+-------+---------+---------+-------
